 Dungeon Crawl Stone Soup version 0.13.1-34-g5444d2b (console) character file.

561 dragoncity the Chopper (level 6, 0/78 HPs)
             Began as a Centaur Berserker on Mar 25, 2014.
             Was a Believer of Trog.
             Slain by a sky beast (3 damage)
             ... on Level 7 of the Dungeon.
             The game lasted 00:04:54 (796 turns).

dragoncity the Chopper (Centaur Berserker)           Turns: 796, Time: 00:04:54

HP   0/78        AC  7     Str 24      XL: 6   Next: 91%
MP   4/4         EV  5     Int  8      God: Trog [**....]
Gold 69          SH  0     Dex  9      Spells:  0 memorised,  5 levels left

Res.Fire  : . . .   See Invis. : .   q - -1,+0 orc war axe
Res.Cold  : . . .   Warding    : .   b - +0 orc chain mail
Life Prot.: . . .   Conserve   : .   (no shield)
Res.Poison: .       Res.Corr.  : .   (no helmet)
Res.Elec. : .       Clarity    : .   (no cloak)
Sust.Abil.: . .     Spirit.Shd : .   (no gloves)
Res.Mut.  : .       Stasis     : .   (no barding)
Res.Rott. : .       Flight     : .   (no amulet)
Saprovore : . . .                    (no ring)
                                     (no ring)

@: regenerating, berserking, very quick, quite resistant to hostile
enchantments, extremely unstealthy
A: hooves 3, deformed body, herbivore 1, speed 2, fast metabolism 1, tough skin
3
a: Burn Spellbooks, Berserk, Trog's Hand, Renounce Religion


You were on level 7 of the Dungeon.
You worshipped Trog.
Trog was pleased with you.
You were hungry.

You visited 1 branch of the dungeon, and saw 7 of its levels.

You collected 49 gold pieces.

Inventory:

Hand weapons
 a - a +0,+0 hand axe {=f}
 q - a -1,+0 orcish war axe (weapon)
Missiles
 t - a throwing net (quivered)
Armour
 b - a +0 orcish chain mail (worn)
 r - a +0 chain mail
Comestibles
 c - 3 bread rations
Scrolls
 d - 3 scrolls of identify {unknown}
 e - a scroll of random uselessness {unknown}
 f - a scroll of blinking {unknown}
 g - a scroll of magic mapping {unknown}
 i - 2 scrolls of curse armour {unknown}
 j - a scroll of remove curse {unknown}
 l - a scroll of enchant weapon I {unknown}
 o - a scroll of teleportation {unknown}
Potions
 h - a potion of restore abilities {unknown}
 k - a potion of brilliance {unknown}
 n - a potion of flight {unknown}
 s - a potion of curing {unknown}
Books
 m - a book of Transfigurations

   Spells                             Type                      Level
   Stoneskin                          Transmutation/Earth          2
   Polymorph                          Hexes/Transmutation          4
   Ice Form                           Ice/Transmutation            4
   Statue Form                        Transmutation/Earth          6
   Dragon Form                        Transmutation                7
   Trog disapproves of the use of such an item.


   Skills:
 - Level 3.0 Fighting
 + Level 7.2 Axes
 - Level 1.3 Armour
 - Level 1.3 Dodging


You had 5 spell levels left.
You didn't know any spells.

Dungeon Overview and Level Annotations

Branches:
Dungeon (7/27)
 Temple: D:4-7          Orc: D:6-11

Altars:


Innate Abilities, Weirdness & Mutations

You have hooves in place of feet.
Armour fits poorly on your strangely shaped body.
You digest meat inefficiently.
You cover ground very quickly.
You have a fast metabolism.
You have extremely tough skin (AC +3).


Message History

You miss the sky beast. You kick the sky beast.
The sky beast is moderately wounded.
The sky beast flickers out of sight!
Deactivating autopickup; reactivate with Ctrl-A.
It hits you. It shocks you.
* * * LOW HITPOINT WARNING * * *
It hits you.
* * * LOW HITPOINT WARNING * * *
It shocks you.
* * * LOW HITPOINT WARNING * * *
Use which ability? (? or * to list)
A red film seems to cover your vision as you go berserk!
You feel yourself moving faster!
You feel mighty!
You feel somewhat more hungry. It hits you.
* * * LOW HITPOINT WARNING * * *
It shocks you!
* * * LOW HITPOINT WARNING * * *
You slash it! Your kick misses it. You closely miss it. Your kick misses it.
It hits you.
You die...

###
#@#
#{#
#.#
#$#
#%#
#.#
..#
###


There were no monsters in sight!

Vanquished Creatures
  2 ogres
  The ghost of dragoncity the Chopper, a weakling CeBe of Trog (D:4)
  A giant frog (D:6)
  A crimson imp (D:5)
  2 orc wizards
  2 worker ants (D:5)
  3 adders
  A giant eyeball (D:4)
  2 oozes
  6 orcs
  A ball python (D:1)
  2 bats
  A giant cockroach (D:1)
  3 hobgoblins
  2 jackals (D:4)
  4 kobolds
  A giant gecko (D:4)
  2 giant newts
  A goblin (D:3)
  2 rats
40 creatures vanquished.

Notes
Turn   | Place    | Note
--------------------------------------------------------------
     0 | D:1      | dragoncity, the Centaur Berserker, began the quest for the Orb.
     0 | D:1      | Reached XP level 1. HP: 19/19 MP: 0/0
    99 | D:1      | Reached XP level 2. HP: 21/26 MP: 1/1
   214 | D:4      | Noticed an ogre
   225 | D:4      | Killed an ogre
   225 | D:4      | Reached skill level 4 in Axes
   225 | D:4      | Reached XP level 3. HP: 33/33 MP: 2/2
   225 | D:4      | Reached XP level 4. HP: 39/39 MP: 2/2
   253 | D:4      | Noticed dragoncity's ghost (weakling CeBe)
   281 | D:4      | Killed dragoncity's ghost
   281 | D:4      | Reached skill level 5 in Axes
   281 | D:4      | Reached XP level 5. HP: 32/45 MP: 3/3
   342 | D:2      | Acquired Trog's second power
   361 | D:4      | Paralysed by a giant eyeball for 3 turns
   439 | D:5      | Entered Level 5 of the Dungeon
   575 | D:5      | Reached skill level 6 in Axes
   649 | D:5      | Reached XP level 6. HP: 52/52 MP: 4/4
   756 | D:7      | Reached skill level 7 in Axes
   794 | D:7      | HP: 1/78 [something (6)]
   796 | D:7      | Slain by a sky beast

Action                   |  1- 3 |  4- 6 || total
-------------------------+-------+-------++-------
Melee: Hand axe          |    38 |    71 ||   109
       War axe           |       |    25 ||    25
Invok: Berserk           |     1 |     5 ||     6
       Trog's Hand       |       |     4 ||     4
